 Dungeon Crawl Stone Soup version 0.20.1-1-g8b1a95d (webtiles) character file.

164 Irenicus the Chopper (level 5, -4/46 HPs)
             Began as a Deep Dwarf Monk on Nov 15, 2017.
             Slain by a gnoll
             ... wielding a +0 halberd
              (14 damage)
             ... on level 4 of the Dungeon.
             The game lasted 00:05:09 (555 turns).

Irenicus the Chopper (Deep Dwarf Monk)               Turns: 555, Time: 00:05:10

Health: -4/46      AC:  7    Str: 14    XL:     5   Next: 21%
Magic:  5/5        EV: 12    Int: 11    God:
Gold:   60         SH:  0    Dex: 16    Spells: 4/4 levels left

rFire    . . .     SeeInvis .   g - +1 hand axe (vamp)
rCold    . . .     Gourm    .   (no shield)
rNeg     . . .     Faith    .   d - +0 ring mail
rPois    .         Spirit   .   i - +0 helmet
rElec    .         Reflect  .   (no cloak)
rCorr    .         Harm     .   (no gloves)
MR       .....                  e - +0 pair of boots
Stlth    ++........             (no amulet)
Regen    0.0/turn               (no ring)
MPRegen  0.1/turn               (no ring)

@: non-regenerating
A: damage resistance, heal wounds, sense surroundings 1, no regeneration
a: Heal Wounds


You were on level 4 of the Dungeon.
You were not hungry.

You visited 1 branch of the dungeon, and saw 4 of its levels.

You collected 60 gold pieces.

Inventory:

Hand Weapons
 a - a +0 hand axe
 g - a +1 vampiric hand axe (weapon)
Armour
 b - a +0 robe
 d - a +0 ring mail (worn)
 e - a +0 pair of boots (worn)
 i - a +0 helmet (worn)
Scrolls
 j - a scroll of identify {unknown}
Miscellaneous
 h - a fan of gales
Comestibles
 c - 2 bread rations
 f - a meat ration


   Skills:
 - Level 2.6 Fighting
 + Level 6.5 Axes
 - Level 3.2 Dodging
 - Level 2.4 Stealth


You had 4 spell levels left.
You didn't know any spells.

Dungeon Overview and Level Annotations

Branches:
Dungeon (4/15)
 Temple: D:4-7

Altars:

Shops:
D:4 %

Annotations:
D:4 Irenicus's ghost, amateur NaVM


Innate Abilities, Weirdness & Mutations

You are resistant to damage.
You can heal yourself by infusing magical energy.
You passively map a small area around you.
You do not regenerate.


Message History

* * * LOW HITPOINT WARNING * * *
The orc wizard closely misses you.
You closely miss the orc priest.
The orc priest is severely wounded.
You completely miss the orc wizard.
The orc priest hits you with a hand axe.
* * * LOW HITPOINT WARNING * * *
The orc wizard completely misses you.
Unknown command.
You hit the orc priest but do no damage.
The orc priest is severely wounded.
You hit the orc wizard but do no damage.
The gnoll barely misses you.
The orc priest hits you with a hand axe.
The orc wizard hits you but does no damage.
You hit the orc priest but do no damage.
The orc priest is severely wounded.
You barely miss the orc wizard.
The gnoll hits you from afar with a halberd!
You die...

#####...# , ####**
#.......# * , * *
....###.o)....#*
#.#.#..g.g†....#,,
*
#..∩..#.#.g......
* ##.#.og####..##.
#...#go..#.....,
########.#.#..) *,
*, #.#@######
#goo......., *
###.####### , #...
#.###** , * ### ,


You could see an orc priest, an orc wizard and a gnoll.

Vanquished Creatures
  A scorpion (D:4)
  2 gnolls (D:4)
  5 adders
  A worm (D:3)
  A dart slug (D:3)
  A leopard gecko (D:3)
  13 orcs
  2 goblins (D:3)
  2 hobgoblins (D:3)
  3 kobolds (D:3)
  3 bats
  A rat (D:3)
35 creatures vanquished.

Notes
Turn   | Place    | Note
-------+----------+-------------------------------------------
     0 | D:1      | Irenicus the Deep Dwarf Monk began the quest for the Orb.
     0 | D:1      | Reached XP level 1. HP: 20/20 MP: 1/1
    76 | D:2      | Reached skill level 4 in Axes
    76 | D:2      | Reached XP level 2. HP: 17/27 MP: 2/2
   214 | D:4      | Reached XP level 3. HP: 9/33 MP: 3/3
   237 | D:4      | Reached skill level 5 in Axes
   269 | D:4      | Noticed a scorpion
   317 | D:4      | Killed a scorpion
   317 | D:4      | Reached XP level 4. HP: 8/40 MP: 4/4
   327 | D:4      | Noticed Irenicus's ghost (amateur NaVM)
   357 | D:3      | Reached skill level 6 in Axes
   498 | D:4      | Found Pioheod's Food Shoppe.
   501 | D:4      | Reached XP level 5. HP: 46/46 MP: 5/5
   541 | D:4      | HP: 2/46 [gnoll/halberd (2)]
   555 | D:4      | Slain by a gnoll

Skill      XL: |  1  2  3  4 |
---------------+-------------+-----
Axes           | 4 5 6 |  6.5
Fighting       | |  2.6
Dodging        | |  3.2
Stealth        | |  2.4

Action                   |  1- 3 |  4- 6 || total
-------------------------+-------+-------++-------
Melee: Hand axe          |   115 |    74 ||   189
 Abil: Heal Wounds       |     1 |     3 ||     4
  Use: Potion            |     3 |       ||     3
       Scroll            |     1 |       ||     1
 Stab: Sleeping          |     1 |     1 ||     2
  Eat: Bread ration      |       |     1 ||     1
Armor: Robe              |     8 |       ||     8
       Ring mail         |     6 |    26 ||    32
Dodge: Dodged            |    68 |    54 ||   122
